Map: [ESL] Gresvan

Players

Clem - Winner!

  • Race: Terran Terran
  • Spawn Location: 5:00

Serral

  • Race: Zerg Zerg
  • Spawn Location: 11:00

Event: ESL SC2 Masters 2023 Summer (Regionals)

VOD

Have the link to the VOD?

Description

Time

  • Played on: May 21, 2023, 12:17 p.m.
  • Length: 24:49

All games in this series

Show
View Real Time Build Order
Export as new Build Order

Clem Terran - Winner!

Build Orders: Reaper Expand 

Get SALT Encoding   

  12  0:00  SCV  
  13  0:12  SCV  
  14  0:16  Supply Depot  
  14  0:24  SCV  
  15  0:38  SCV  
  15  0:39  Barracks  
  15  0:42  Refinery  
  16  0:50  SCV  
  17  1:02  SCV  
  18  1:14  SCV  
  19  1:26  Orbital Command, Reaper  
  20  1:37  Command Center  
  20  1:48  Supply Depot  
  20  1:52  SCV  
  21  1:58  Barracks Reactor  
  21  2:04  SCV  
  22  2:15  Command Center  
  22  2:18  SCV  
  23  2:30  SCV  
  23  2:31  Barracks  
  26  2:42  SCV  
  26  2:44  Refinery  
  27  2:49  Orbital Command  
  25  2:51  Factory  
  25  2:54  SCV  
  25  2:56  Marine  
  27  2:59  Marine  
  28  3:07  SCV  
  29  3:14  Marine  
  29  3:15  SCV  
  29  3:17  Marine  
  29  3:19  SCV  
  33  3:21  Barracks Tech Lab  
  32  3:27  Orbital Command, SCV  
  32  3:31  SCV  
  33  3:34  Marine  
  33  3:35  Marine  
  33  3:39  Stimpack, Marine  
  33  3:40  SCV  
  37  3:44  SCV  
  37  3:48  Starport  
  38  3:52  Factory Reactor  
  38  3:53  SCV x2  
  40  3:57  Marine x2  
  40  3:58  Marine  
  40  4:01  SCV  
  44  4:05  SCV  
  44  4:06  SCV  
  46  4:13  SCV  
  46  4:15  Marine x3  
  50  4:17  SCV  
  50  4:18  SCV  
  52  4:24  Supply Depot  
  52  4:25  SCV  
  52  4:30  SCV  
  52  4:31  SCV, Medivac x2  
  57  4:32  Marine  
  57  4:33  Marine  
  57  4:34  Factory Tech Lab  
  57  4:37  Supply Depot  
  61  4:40  Refinery  
  61  4:41  Refinery  
  61  4:46  Marine, SCV x3  
  61  4:48  Engineering Bay x2  
  61  4:51  Marine x2  
  67  4:58  SCV x2, Siege Tank  
  67  4:59  SCV  
  73  5:01  Supply Depot  
  73  5:05  Marine  
  74  5:09  Medivac  
  74  5:10  SCV  
  74  5:13  Supply Depot  
  77  5:17  Orbital Command  
  77  5:20  Terran Infantry Armor Level 1  
  77  5:22  Marine x2, SCV x2  
  77  5:24  Barracks  
  77  5:26  Marine  
  77  5:28  Terran Infantry Weapons Level 1  
  81  5:34  SCV x2  
  83  5:35  Combat Shield  
  83  5:40  Marine  
  84  5:43  SCV, Marine  
  84  5:44  Marine, Supply Depot  
  84  5:47  SCV x2  
  84  5:49  Siege Tank  
  92  5:52  Supply Depot  
  92  5:55  SCV  
  93  5:58  Barracks  
  93  6:02  Barracks  
  93  6:05  Marine x2, SCV x2  
  93  6:07  SCV  
  93  6:10  Marine, Supply Depot  
  99  6:13  Marine  
  99  6:17  SCV x2  
  102  6:19  SCV, Refinery  
  102  6:20  Medivac  
  102  6:23  Marine x2  
  107  6:28  Factory  
  107  6:29  SCV, Supply Depot  
  107  6:31  SCV x2  
  110  6:34  Armory  
  110  6:36  Widow Mine  
  110  6:38  Barracks Reactor  
  112  6:41  Marine x2  
  112  6:43  Marine  
  117  6:49  Barracks Reactor  
  117  6:50  Barracks Reactor, Supply Depot  
  115  6:54  Command Center  
  115  6:59  Marine x2  
  115  7:01  Marine, Supply Depot  
  117  7:02  Widow Mine  
  117  7:06  Medivac x2, Supply Depot  
  117  7:08  SCV  
  125  7:11  SCV x2  
  125  7:13  Supply Depot  
  125  7:15  Marine x2  
  128  7:16  Marine  
  128  7:17  Marine  
  128  7:18  Factory Reactor  
  128  7:19  Refinery, Supply Depot  
  128  7:20  Marine  
  131  7:25  Marine x2  
  131  7:29  Marine  
  133  7:30  Terran Infantry Weapons Level 2  
  133  7:32  Marine x2, Supply Depot  
  133  7:37  Widow Mine, Marine x2  
  137  7:41  Marine  
  137  7:42  Marine  
  137  7:43  Medivac  
  137  7:44  Medivac  
  145  7:45  Marine  
  145  7:46  Supply Depot  
  145  7:51  SCV x3  
  142  7:53  Sensor Tower  
  142  7:54  Marine  
  142  7:56  Widow Mine x2, Marine  
  144  8:02  Widow Mine  
  144  8:03  Marine  
  147  8:06  Marine  
  147  8:07  SCV  
  149  8:13  Medivac  
  149  8:17  Barracks, Widow Mine, Sensor Tower  
  149  8:18  Barracks, SCV  
  149  8:19  Barracks  
  154  8:20  SCV  
  154  8:21  Marine  
  154  8:24  Widow Mine x2, Drilling Claws  
  160  8:29  Terran Infantry Armor Level 2  
  160  8:31  Planetary Fortress  
  160  8:35  Marine  
  160  8:41  Marine  
  160  8:42  Widow Mine, SCV  
  160  8:44  Marine  
  160  8:48  Widow Mine, Marine  
  162  8:49  Marine  
  162  8:50  SCV x2  
  162  8:51  Marine  
  162  8:54  SCV  
  162  8:55  Marine  
  167  8:57  Command Center  
  167  9:02  SCV  
  168  9:04  Widow Mine x2  
  168  9:06  Marine  
  168  9:09  Medivac  
  175  9:10  Barracks Tech Lab x3  
  175  9:11  Marauder  
  175  9:12  Marine  
  175  9:15  Terran Vehicle And Ship Armor Level 1  
  175  9:20  Widow Mine  
  175  9:22  Marine x2  
  178  9:25  Widow Mine  
  178  9:27  Marine  
  178  9:28  Marine x2  
  178  9:29  Marine x2  
  178  9:30  Widow Mine  
  184  9:32  Liberator, SCV x2, Supply Depot, Marauder  
  191  9:39  Liberator  
  191  9:41  Widow Mine  
  196  9:48  Widow Mine, Marine x4  
  196  9:49  Marine  
  196  9:52  Marine  
  196  9:54  Widow Mine, Marauder  
  200  10:00  Terran Infantry Weapons Level 3  
  200  10:04  Widow Mine  
  200  10:07  SCV, Refinery  
  200  10:08  Command Center, Refinery  
  198  10:15  Marauder  
  198  10:19  Widow Mine  
  199  10:23  Marauder, Ghost Academy  
  199  10:29  Command Center  
  199  10:31  Command Center  
  197  10:36  Widow Mine  
  197  10:38  Marine  
  194  10:44  Widow Mine  
  194  10:48  Marauder x2  
  199  10:50  Marine  
  199  10:53  Ghost  
  182  11:01  Widow Mine x2, Ghost  
  182  11:03  Medivac x2  
  162  11:04  Marine x2  
  162  11:05  Widow Mine  
  162  11:07  Marine x2, Planetary Fortress  
  162  11:08  Ghost x2  
  161  11:12  Concussive Shells  
  161  11:21  Ghost  
  161  11:22  Widow Mine x2  
  161  11:24  Orbital Command  
  165  11:27  Widow Mine  
  165  11:30  Ghost  
  165  11:33  Medivac x2  
  165  11:38  Marauder x2, Missile Turret  
  165  11:39  Refinery  
  170  11:40  Missile Turret  
  170  11:41  Orbital Command, SCV  
  170  11:44  Widow Mine x2  
  175  11:48  Widow Mine  
  175  11:49  Marine  
  175  11:50  Ghost  
  180  11:58  Ghost x3  
  180  11:59  Marine  
  187  12:03  Medivac x2  
  187  12:05  Widow Mine x2, Missile Turret  
  187  12:06  Marine  
  187  12:07  Marine  
  197  12:09  Widow Mine, Terran Infantry Armor Level 3, Marine  
  200  12:18  Marine x5  
  191  12:27  Widow Mine x2  
  190  12:31  Widow Mine, Planetary Fortress  
  190  12:32  Marine  
  190  12:33  Marine x2  
  190  12:34  Liberator  
  190  12:36  Terran Vehicle And Ship Armor Level 2  
  198  12:40  Starport, Command Center  
  198  12:42  Fusion Core  
  198  12:44  SCV  
  198  12:48  Command Center  
  198  12:50  Refinery  
  199  13:05  Neosteel Armor  
  199  13:15  Medivac  
  199  13:17  Widow Mine, Ghost x2  
  199  13:18  Starport Reactor  
  199  13:19  Ghost  
  198  13:24  Command Center  
  200  13:33  Marine  
  200  13:34  Marine, Ghost  
  191  13:35  Marine  
  191  13:38  Widow Mine  
  191  13:39  Siege Tank  
  191  13:41  Liberator  
  178  13:45  Ghost  
  178  13:46  Ghost  
  178  13:48  Ghost  
  182  13:53  Orbital Command  
  182  13:54  Marine  
  182  13:55  Marine  
  178  13:56  Marine  
  178  13:57  Orbital Command  
  178  14:01  Marine  
  156  14:02  Ghost  
  156  14:03  Marine  
  156  14:04  Marine x3  
  156  14:08  Liberator  
  157  14:10  SCV x4  
  157  14:11  SCV  
  157  14:12  Orbital Command, Marine x2  
  157  14:13  Orbital Command  
  157  14:14  Marine, Ghost x2  
  157  14:16  SCV  
  170  14:19  Marine  
  170  14:22  SCV x2  
  173  14:24  SCV  
  173  14:25  SCV x2, Ghost  
  173  14:26  Marine x2  
  173  14:27  Widow Mine, Marine x2  
  176  14:31  SCV  
  176  14:34  Sensor Tower  
  172  14:39  Marine  
  172  14:40  Marauder, SCV x2, Marine x2  
  172  14:42  SCV x3  
  172  14:43  Marauder x2  
  186  14:46  SCV, Sensor Tower  
  186  14:49  Widow Mine, Refinery  
  189  14:54  Marine  
  189  14:56  Marine  
  157  15:02  Marauder  
  157  15:03  Marine x6  
  157  15:04  Marauder  
  157  15:05  Marine x2  
  153  15:10  Liberator, Widow Mine  
  153  15:12  Marine  
  153  15:14  Marine  
  159  15:18  Command Center, Refinery  
  159  15:19  Refinery  
  160  15:25  Marauder, Marine x2  
  160  15:28  Factory  
  164  15:31  Refinery  
  164  15:32  Liberator x2, Advanced Ballistics  
  164  15:34  Widow Mine  
  172  15:40  Liberator  
  172  15:42  Marauder x2  
  178  15:47  Command Center  
  178  15:53  Liberator  
  178  15:55  Widow Mine  
  174  16:05  Marauder  
  176  16:15  Liberator x2  
  176  16:17  Widow Mine  
  184  16:19  Widow Mine  
  184  16:23  Liberator, SCV x2  
  184  16:24  Command Center  
  186  16:35  Liberator  
  186  16:38  Widow Mine  
  189  16:41  Widow Mine  
  189  16:43  Ghost x2  
  189  16:46  Ghost  
  193  16:48  Ghost  
  195  16:57  Liberator  
  195  16:59  Orbital Command, Widow Mine  
  200  17:02  Command Center  
  200  17:06  Missile Turret  
  200  17:11  Liberator  
  200  17:23  Barracks Tech Lab  
  200  17:25  Barracks Tech Lab  
  200  17:29  Sensor Tower  
  200  17:32  Widow Mine x2  
  200  17:33  Ghost  
  200  17:35  Liberator  
  186  17:37  Ghost  
  186  17:41  Ghost  
  189  17:45  Liberator  
  189  17:48  Orbital Command  
  189  17:49  Marine x2  
  189  17:50  Marine x2, Missile Turret  
  194  17:53  Cyclone  
  194  17:54  Widow Mine  
  197  18:08  Liberator  
  197  18:10  Ghost  
  197  18:14  Marauder  
  197  18:15  Marine  
  199  18:22  Marauder  
  199  18:26  Marine  
  200  18:36  Widow Mine, Refinery x2  
  200  18:37  Marauder  
  198  18:42  Liberator  
  198  18:47  Liberator  
  198  18:48  Liberator  
  190  18:49  Ghost  
  190  18:50  Liberator  
  195  19:00  Widow Mine  
  195  19:01  Widow Mine  
  199  19:05  Personal Cloaking  
  199  19:06  Ghost x2  
  199  19:09  Ghost x2  
  190  19:17  Ghost  
  190  19:22  Widow Mine, Marine x3  
  197  19:24  Liberator  
  197  19:30  Widow Mine  
  200  19:39  Ghost  
  200  19:42  SCV  
  200  19:43  SCV  
  200  19:44  SCV x2  
  199  19:51  Ghost x2  
  199  19:52  Widow Mine x2, Ghost  
  178  19:53  Marine x6  
  178  20:05  Missile Turret  
  178  20:06  Refinery  
  176  20:08  Marine  
  176  20:09  SCV, Sensor Tower  
  176  20:11  Marine x6  
  176  20:13  Widow Mine x2  
  188  20:15  Sensor Tower  
  188  20:20  Marine x2  
  188  20:21  Marine  
  190  20:26  Liberator, Marine  
  187  20:29  Marine x4  
  187  20:30  Marauder  
  187  20:34  Widow Mine  
  187  20:35  Widow Mine  
  196  20:39  Marauder x2  
  200  20:44  Planetary Fortress  
  197  20:51  Marauder  
  199  21:00  Marauder  
  199  21:01  Liberator  
  198  21:05  Missile Turret  
  198  21:08  Widow Mine  
  198  21:09  Marauder, Marine x4  
  198  21:10  SCV  
  198  21:11  SCV, Marine  
  195  21:16  Marine  
  195  21:17  Marine x2  
  178  21:19  Medivac  
  178  21:20  Medivac  
  178  21:21  Marine  
  177  21:26  Marine  
  177  21:27  Marine x3  
  177  21:29  Marine  
  177  21:30  Marauder  
  184  21:34  Marine  
  184  21:35  Marine, Marauder  
  190  21:40  Marauder, Refinery  
  190  21:43  Factory Reactor  
  190  21:44  Marine x2  
  190  21:45  Marine x2  
  190  21:46  Marine  
  190  21:49  Medivac x2  
  190  21:50  Medivac  
  190  21:51  Marauder  
  190  21:52  Marine  
  190  21:53  Marauder  
  191  21:54  Widow Mine  
  191  21:56  Marauder  
  191  21:59  Liberator  
  191  22:00  Ghost  
  195  22:02  Marine  
  195  22:05  Marine x2  
  195  22:06  Marine x2  
  200  22:19  Liberator, Marine, Widow Mine  
  200  22:21  Medivac  
  198  22:24  Marine  
  198  22:27  Widow Mine, Liberator, Ghost  
  198  22:28  Marine, Ghost  
  198  22:29  Marine  
  200  22:42  Command Center  
  200  22:43  Orbital Command  
  200  22:48  Ghost  
  200  22:50  Liberator, Widow Mine  
  180  22:54  Liberator  
  180  22:55  Ghost  
  185  23:01  Missile Turret  
  185  23:03  Liberator  
  185  23:05  SCV  
  187  23:06  SCV  
  187  23:07  SCV x2  
  187  23:08  SCV x2  
  187  23:09  SCV  
  187  23:10  Liberator  
  187  23:11  Marine  
  197  23:14  Widow Mine  
  199  23:24  Marine x2  
  199  23:26  Widow Mine  
  197  23:33  Marauder, Barracks Reactor  
  199  23:35  Barracks Tech Lab  
  199  23:39  Ghost  
  199  23:52  Refinery  
  199  23:54  Command Center, Refinery  
  193  23:59  Orbital Command  
  193  24:01  Missile Turret  
  189  24:04  Liberator  
  189  24:05  Ghost  
  189  24:06  Marine  
  189  24:09  Marine  
  193  24:13  Widow Mine  
  195  24:20  Ghost x3  
  195  24:21  Marine  
  179  24:26  Marauder  
  179  24:28  Marine x2  
  179  24:31  Marine x2  
Show
View Real Time Build Order
Export as new Build Order

Serral Zerg 

Build Orders: Hatch First, Lurkers 

Get SALT Encoding   

  12  0:00  Drone  
  13  0:12  Overlord  
  13  0:16  Drone  
  14  0:30  Drone x2  
  16  0:47  Hatchery  
  15  0:52  Drone  
  15  0:55  Drone  
  17  0:59  Drone  
  17  1:02  Extractor  
  17  1:14  Spawning Pool  
  17  1:17  Drone  
  17  1:20  Drone  
  18  1:27  Drone  
  19  1:38  Drone  
  20  1:49  Drone  
  21  2:01  Queen x2, Zergling x2  
  23  2:02  Zergling x2  
  23  2:03  Metabolic Boost  
  27  2:10  Overlord  
  27  2:13  Drone  
  28  2:30  Hatchery  
  28  2:32  Drone  
  28  2:37  Drone  
  28  2:40  Drone x2  
  31  2:47  Queen  
  33  2:52  Overlord  
  33  2:58  Spore Crawler  
  33  3:01  Spore Crawler  
  33  3:02  Drone  
  34  3:07  Drone x2  
  34  3:08  Overlord  
  34  3:12  Queen  
  36  3:17  Drone x2  
  36  3:19  Drone  
  41  3:23  Drone x2  
  41  3:25  Drone  
  44  3:30  Drone  
  44  3:35  Queen  
  44  3:36  Overlord  
  44  3:39  Drone  
  47  3:46  Overlord  
  47  3:48  Queen  
  49  3:49  Drone x2  
  49  3:52  Drone  
  52  3:55  Queen  
  52  3:59  Zergling x2  
  52  4:00  Drone  
  56  4:04  Drone  
  56  4:06  Drone x3  
  56  4:09  Drone x2  
  62  4:13  Queen  
  62  4:15  Drone  
  65  4:18  Overlord  
  65  4:20  Drone  
  66  4:25  Queen  
  66  4:29  Overlord  
  66  4:30  Drone x3  
  71  4:35  Lair  
  71  4:38  Overlord  
  71  4:45  Drone  
  72  4:46  Drone, Baneling Nest  
  72  4:50  Hatchery  
  72  4:52  Zergling x6  
  74  4:54  Zergling x2  
  74  4:55  Zergling x2  
  74  4:58  Drone x3  
  79  5:01  Extractor  
  79  5:02  Queen  
  79  5:04  Overlord  
  79  5:06  Zergling x2  
  81  5:07  Drone  
  81  5:08  Drone  
  81  5:12  Extractor, Overlord  
  81  5:14  Drone x3  
  84  5:15  Drone  
  84  5:17  Overlord  
  84  5:18  Zergling x2  
  84  5:21  Drone  
  88  5:26  Drone x3  
  91  5:30  Zergling x4, Evolution Chamber  
  91  5:31  Evolution Chamber  
  91  5:34  Overseer  
  91  5:36  Extractor  
  91  5:38  Centrifugal Hooks  
  91  5:39  Drone x4  
  94  5:43  Overlord  
  94  5:44  Zergling x6  
  98  5:50  Zergling x4  
  98  5:54  Zergling x4  
  101  5:57  Baneling x6  
  101  5:59  Overlord  
  101  6:02  Overlord  
  101  6:05  Zergling x2  
  101  6:06  Overlord, Zergling x4  
  101  6:11  Zerg Melee Weapons Level 1  
  103  6:12  Drone x7  
  103  6:16  Drone x2  
  110  6:19  Queen  
  110  6:21  Zerg Ground Armor Level 1  
  110  6:22  Drone x2  
  114  6:26  Drone  
  114  6:27  Zergling x2  
  114  6:28  Baneling x2  
  114  6:30  Zergling x2  
  114  6:31  Zergling x2  
  118  6:34  Zergling x4  
  118  6:38  Drone  
  118  6:39  Extractor, Baneling x5  
  120  6:42  Overlord  
  120  6:43  Zergling x6  
  123  6:47  Hatchery  
  123  6:48  Drone x3  
  123  6:49  Zergling x2  
  123  6:50  Zergling x4  
  123  6:51  Zergling x4  
  130  6:55  Baneling x7  
  130  6:59  Zergling x8  
  134  7:03  Zergling x4  
  136  7:11  Hydralisk Den  
  136  7:14  Drone x3  
  136  7:15  Zergling x6  
  141  7:16  Hatchery  
  141  7:18  Overlord  
  141  7:19  Baneling  
  141  7:20  Baneling x4  
  141  7:22  Zergling x18  
  149  7:24  Overseer  
  149  7:25  Pneumatized Carapace  
  141  7:37  Zergling x2  
  141  7:38  Zergling x8  
  141  7:42  Overseer  
  141  7:44  Zergling x4  
  143  7:47  Muscular Augments  
  143  7:48  Drone x2  
  143  7:49  Extractor  
  139  7:51  Hatchery, Drone  
  139  7:52  Drone x2  
  139  7:53  Zergling x14  
  147  8:00  Overlord  
  147  8:01  Zergling x2  
  147  8:06  Overlord, Zerg Melee Weapons Level 2  
  147  8:11  Drone  
  147  8:12  Drone x2  
  148  8:14  Drone x4  
  148  8:16  Zerg Ground Armor Level 2  
  148  8:18  Spore Crawler  
  148  8:19  Overlord, Infestation Pit  
  151  8:20  Zergling x16  
  151  8:21  Overlord  
  151  8:26  Burrow  
  157  8:28  Baneling x3  
  157  8:29  Baneling  
  157  8:31  Queen  
  157  8:33  Zergling x10  
  157  8:34  Spore Crawler  
  163  8:42  Extractor  
  147  8:49  Drone x2  
  147  8:50  Drone, Zergling x2  
  147  8:51  Zergling x28  
  158  8:59  Zergling x6, Grooved Spines  
  158  9:02  Hive  
  159  9:04  Lurker Den  
  159  9:08  Zergling x4  
  159  9:09  Zergling x8  
  163  9:13  Baneling x5  
  163  9:17  Extractor, Drone x3  
  163  9:20  Spore Crawler  
  163  9:22  Zergling x24  
  175  9:28  Zergling x2  
  175  9:29  Zergling x6  
  175  9:30  Baneling, Overseer  
  175  9:31  Baneling  
  162  9:34  Swarm Host  
  162  9:35  Zergling x4  
  166  9:39  Zergling x6  
  166  9:42  Zergling x6  
  166  9:43  Drone  
  170  9:49  Hydralisk x8  
  183  9:58  Drone x4  
  183  9:59  Overlord  
  186  10:04  Zergling x16  
  180  10:16  Drone x2  
  180  10:17  Drone x5  
  180  10:19  Overlord  
  185  10:25  Drone, Seismic Spines  
  185  10:26  Drone x2  
  185  10:28  Hatchery  
  184  10:29  Overseer  
  184  10:36  Adrenal Glands  
  184  10:42  Zergling x24  
  189  10:44  Baneling  
  189  10:45  Baneling x8  
  182  10:50  Zergling x6  
  182  10:51  Zergling x8  
  182  10:56  Zergling x8  
  182  10:57  Zergling x6  
  157  11:04  Hydralisk x2  
  157  11:07  Lurker x5  
  157  11:10  Hatchery  
  165  11:13  Hydralisk x3  
  165  11:15  Extractor x2  
  165  11:16  Baneling x3  
  165  11:17  Drone x3  
  165  11:18  Drone x2  
  174  11:19  Drone  
  173  11:26  Viper x2  
  173  11:29  Zergling x12  
  179  11:36  Extractor  
  179  11:37  Drone x3  
  179  11:38  Zerg Missile Weapons Level 1  
  181  11:40  Adaptive Talons  
  181  11:44  Zerg Ground Armor Level 3  
  181  11:46  Lurker x2  
  179  11:47  Lurker  
  179  11:52  Baneling  
  179  11:53  Baneling x2  
  180  11:58  Infestor  
  180  12:01  Drone x2  
  182  12:04  Overseer  
  182  12:06  Zergling x22  
  193  12:20  Zergling x16  
  191  12:33  Lurker  
  191  12:34  Lurker  
  191  12:35  Zergling x14  
  200  12:42  Baneling x5  
  200  12:49  Baneling x10  
  200  12:56  Hydralisk  
  198  13:02  Hatchery, Baneling x5  
  198  13:03  Zergling x4  
  193  13:17  Zergling x60  
  193  13:19  Zergling x8  
  198  13:25  Overlord x2  
  198  13:26  Overlord  
  198  13:33  Overlord, Zerg Melee Weapons Level 3  
  182  13:40  Overlord x4  
  182  13:41  Overlord x2  
  171  13:43  Overlord  
  171  13:44  Overseer  
  171  13:49  Overlord  
  160  13:59  Hydralisk x6  
  158  14:09  Hydralisk x4  
  161  14:13  Drone, Overseer  
  161  14:14  Drone x3, Infestor  
  159  14:18  Overseer  
  159  14:19  Overseer  
  159  14:20  Zergling x10  
  162  14:27  Zergling x14  
  162  14:30  Zerg Missile Weapons Level 2  
  155  14:34  Zergling x10  
  158  14:39  Zergling x2  
  158  14:40  Zergling x8  
  158  14:44  Drone x3  
  166  14:46  Infestor  
  166  14:48  Zergling x10  
  163  14:55  Zergling x2  
  163  14:56  Zergling x16  
  155  15:05  Zergling x18  
  149  15:08  Infestor x2  
  149  15:11  Baneling x5  
  153  15:18  Hydralisk x4  
  161  15:25  Baneling x2, Infestor, Spore Crawler  
  161  15:26  Zergling x14  
  169  15:33  Hydralisk x3, Zergling x14  
  169  15:34  Zergling x2  
  176  15:40  Infestor  
  177  15:44  Lurker x10  
  177  15:48  Hydralisk x3  
  193  15:53  Viper x2  
  196  15:59  Zergling x2  
  196  16:00  Zergling x16  
  196  16:01  Baneling  
  196  16:02  Baneling x14  
  198  16:09  Zergling x4  
  200  16:14  Overlord  
  199  16:23  Drone x2  
  200  16:26  Baneling x7  
  200  16:30  Overlord  
  197  16:39  Zergling x14  
  199  16:43  Baneling x3  
  199  16:44  Baneling x2  
  199  16:46  Drone x2  
  199  16:53  Infestor  
  199  17:00  Spore Crawler  
  199  17:01  Infestor x3  
  195  17:13  Hydralisk x2, Overseer  
  195  17:14  Hatchery  
  195  17:15  Nydus Network  
  197  17:25  Zerg Missile Weapons Level 3  
  197  17:29  Hatchery  
  196  17:33  Hydralisk x7  
  186  17:38  Zergling x6  
  186  17:39  Zergling x22  
  196  17:45  Spore Crawler  
  196  17:47  Hydralisk x3  
  197  17:57  Nydus Canal  
  197  17:59  Baneling x7  
  192  18:06  Zergling x20  
  192  18:20  Drone x3  
  192  18:21  Zergling x12  
  192  18:25  Nydus Canal  
  192  18:26  Zergling x2  
  192  18:27  Zergling x2  
  200  18:31  Drone  
  200  18:32  Baneling x2  
  200  18:39  Infestor  
  189  18:43  Zergling x26  
  197  18:50  Infestor x2  
  197  18:53  Zergling x4  
  199  19:01  Overlord x3  
  197  19:02  Overseer  
  197  19:03  Overseer  
  197  19:04  Nydus Canal  
  197  19:07  Zergling x22  
  194  19:18  Baneling x12  
  194  19:19  Infestor x2  
  198  19:31  Zergling x18  
  199  19:40  Baneling x4  
  199  19:42  Zergling x10  
  195  19:49  Hatchery  
  195  19:52  Zergling x42  
  199  19:58  Zergling x28  
  198  20:02  Overseer  
  198  20:10  Baneling x8  
  197  20:15  Zergling x4  
  199  20:26  Infestor x2  
  199  20:34  Infestor  
  194  20:36  Spore Crawler  
  194  20:37  Zergling x20  
  194  20:42  Baneling x10  
  197  20:50  Baneling x7  
  197  20:51  Overseer  
  197  20:53  Spore Crawler, Viper  
  197  20:54  Extractor  
  198  20:59  Zergling x2  
  198  21:00  Zergling x14  
  196  21:06  Swarm Host  
  196  21:07  Zergling x18  
  170  21:15  Zergling x50, Infestor  
  170  21:17  Zergling x2  
  170  21:18  Zergling x26  
  177  21:22  Baneling x17  
  176  21:26  Infestor x2  
  176  21:27  Zergling x6  
  183  21:34  Hydralisk x2, Hatchery  
  183  21:35  Zergling x6  
  188  21:43  Hydralisk x2, Baneling x10  
  188  21:44  Zergling x10  
  195  21:49  Zergling x8  
  195  21:52  Zergling x6  
  169  21:54  Zergling x2  
  169  22:00  Hydralisk x6  
  169  22:01  Hydralisk x3  
  181  22:06  Lurker  
  188  22:14  Zergling x24  
  185  22:23  Zergling x18  
  185  22:26  Hydralisk x2  
  185  22:27  Zergling x2  
  185  22:28  Overlord  
  189  22:34  Overlord  
  189  22:35  Overseer  
  189  22:36  Baneling  
  189  22:37  Overlord, Baneling x5  
  185  22:49  Zergling x2  
  185  22:50  Zergling x14  
  168  23:03  Hatchery  
  164  23:11  Lurker x5  
  164  23:12  Lurker x2  
  171  23:14  Lurker  
  169  23:24  Hydralisk  
  169  23:25  Hydralisk  
  171  23:31  Hydralisk x2  
  174  23:39  Infestor  
  171  23:42  Hydralisk x4  
  171  23:47  Infestor  
  175  23:52  Zergling x8  
  174  23:56  Zergling x6  
  174  24:01  Extractor  
  174  24:02  Spore Crawler  
  164  24:08  Zergling x10  
  158  24:19  Zergling x16  
  152  24:26  Zergling x8  
  152  24:29  Zergling x4  
Tags
 
Add a new tag
Caveats
  • Supply blocks, unpowered buildings, or Contaminate may cause inaccurate times.
  • Supply counts are checked every 10 seconds.